[Event "*** SCC Grand Prix: Titled Tuesday Blitz"]
[Site "Chess.com"]
[Date "2020.08.11"]
[Round "3"]
[White "2007checkmate"]
[Black "LaPorfia"]
[Result "1-0"]
[WhiteElo "2432"]
[BlackElo "2257"]
[TimeControl "180+1"]
[EndTime "10:28:07 PDT"]
[Termination "2007checkmate won by resignation"]

1. Nc3 d5 2. d4 Bf5 3. Bf4 c6 4. f3 Nd7 5. e4 dxe4 6. fxe4 Bg6 7. Nf3 e6 8. Bd3 Bb4 9. O-O Ne7 10. Ne2 O-O 11.
c3 Ba5 12. Ng3 Bc7 13. Bxc7 Qxc7 14. Ne5 Nxe5 15. dxe5 Rad8 16. Qf3 Qxe5 17. Rad1 a6 18. Qe3 Nc8 19. h4 h6 20. Bc2 Rxd1 21. Rxd1 Nd6 22. Kh2 Nc4 23. Qe2 b5 24. b3 Nd6 25. Qd2 Rd8 26. c4 Nb7 27. Qe2 Rxd1 28. Qxd1 Qd6 29. Qf3 Qe5 30. h5 Bh7 31. Qd3 Nd6 32. cxb5 axb5 33.
a4 bxa4 34. bxa4 g6 35. a5 gxh5 36. a6 Nb5 37. Ba4 h4 38. Bxb5 Qxg3+ 39. Qxg3+ hxg3+ 40. Kxg3 cxb5 41. Kf4 1-0

[Event "*** SCC Grand Prix: Titled Tuesday Blitz"]
[Site "Chess.com"]
[Date "2020.08.11"]
[Round "3"]
[White "StellarChessPro"]
[Black "Srchesschilango"]
[Result "1-0"]
[WhiteElo "2547"]
[BlackElo "2220"]
[TimeControl "180+1"]
[EndTime "10:28:08 PDT"]
[Termination "StellarChessPro won by resignation"]

1. b3 d5 2. Bb2 Nf6 3. e3 Bg4 4. Be2 Bxe2 5. Nxe2 Nc6 6. O-O e5 7. f4 exf4 8. Nxf4 Bd6 9. Nh5 Be5 10. Nxf6+ Bxf6 11. Bxf6 gxf6 12. Qf3 Rg8 13. Qxf6 Qd7 14. Nc3 Rg6 15.
Qf5 O-O-O 16. Qxf7 Ne7 17. Qxh7 Rdg8 18. Rf2 d4 19. Ne4 dxe3 20. dxe3 Qe6 21. Ng3 Qxe3 22. Rf1 Rh6 23. Qd3 Qc5 24. Qc4 Qb6 25. Kh1 Rxg3 26. Rf8+ Kd7 27. Rd1+ Rd6 28. Rxd6+ Qxd6 29. hxg3 Qd1+ 30. Rf1 Qh5+ 31. Kg1 b5 32. Qd4+ 1-0

[Event "*** SCC Grand Prix: Titled Tuesday Blitz"]
[Site "Chess.com"]
[Date "2020.08.11"]
[Round "3"]
[White "BabyBoss31"]
[Black "ChessicallyInclined"]
[Result "0-1"]
[WhiteElo "2218"]
[BlackElo "2504"]
[TimeControl "180+1"]
[EndTime "10:28:12 PDT"]
[Termination "ChessicallyInclined won by resignation"]

1. d4 Nf6 2. c4 e6 3. Nf3 a6 4. Nc3 d5 5. Bg5 Be7 6. e3 Nbd7 7. Bd3 O-O 8. O-O h6 9. Bh4 c5 10. cxd5 Nxd5 11. Bxe7 Nxe7 12. dxc5 Nxc5 13. Bc2 b5 14. Ne4 Nxe4 15. Bxe4 Rb8 16. Qxd8 Rxd8 17. Rfd1 Rxd1+ 18. Rxd1 Bb7 19. Bxb7 Rxb7 20. Rd8+ Kh7 21. Ne5 Rc7 22. g3 Nd5 23. Rd7 Rc1+ 24. Kg2 Rc2 25. e4 Nf6 26.
Rxf7 Rxb2 27. Kf3 Rxa2 28. Ng4 Nxg4 29. Kxg4 b4 30. h4 b3 31. Rb7 b2 32. f4 a5 33.
f5 exf5+ 34. exf5 Ra4+ 35. Kh5 Rb4 0-1

[Event "*** SCC Grand Prix: Titled Tuesday Blitz"]
[Site "Chess.com"]
[Date "2020.08.11"]
[Round "3"]
[White "kobemagic"]
[Black "MuhittinBuker"]
[Result "1-0"]
[WhiteElo "2277"]
[BlackElo "1979"]
[TimeControl "180+1"]
[EndTime "10:28:12 PDT"]
[Termination "kobemagic won by resignation"]

1. c4 Nf6 2. g3 e6 3. Bg2 c5 4. Nf3 Nc6 5. O-O d5 6. cxd5 exd5 7. d4 Be7 8. b3 O-O 9. Bb2 b6 10. Nc3 h6 11. Rc1 Be6 12. dxc5 bxc5 13. Na4 Qa5 14.
Bxf6 Bxf6 15. Rxc5 Qa6 16. e3 Rac8 17. Nd4 Nxd4 18. exd4 Be7 19. Rxc8 Rxc8 20. Re1 Qa5 21. h4 Bb4 22. Re3 Bd2 23. Rxe6 Rc1 24. Re8+ Kh7 25.
Qxc1 Bxc1 26. Nc5 Bb2 27. Bxd5 Bxd4 28. Nd7 Bxf2+ 29. Kxf2 Qd2+ 30. Kg1 Qd4+ 31. Kh2 Kg6 32. Ne5+ Kf5 33. Bg2 f6 34. Bh3+ Ke4 35. Nc6+ Kd5 36.
Nxd4 Kxd4 37. Re7 1-0

[Event "*** SCC Grand Prix: Titled Tuesday Blitz"]
[Site "Chess.com"]
[Date "2020.08.11"]
[Round "3"]
[White "Juanovic"]
[Black "redbaron8888"]
[Result "0-1"]
[WhiteElo "2065"]
[BlackElo "2407"]
[TimeControl "180+1"]
[EndTime "10:28:13 PDT"]
[Termination "redbaron8888 won by resignation"]

1. e4 c5 2. Nf3 d6 3. d4 cxd4 4. Nxd4 Nf6 5. Nc3 a6 6. Bg5 Nbd7 7. f4 h6 8. Bh4 Qb6 9. Qd2 g6 10. O-O-O Bg7 11. Nd5 Nxd5 12. exd5 Bxd4 13. Qxd4 Qxd4 14. Rxd4 Nc5 15. Be2 Bd7 16. Re1 Rc8 17. Bf3 g5 18. fxg5 hxg5 19. Bxg5 e5 20. dxe6 Nxe6 21. Rxd6 Rxh2 22.
Bxb7 Rc7 23. Bxa6 Rxg2 24. Rd2 Rxg5 25. Bd3 Ke7 26. b3 Rcc5 27. Kb2 Rce5 28. Rde2 Rxe2 29. Rxe2 f5 30. a4 Kd6 31. b4 f4 32. a5 Kc7 33.
Be4 Re5 34. c4 Ng5 35. Bf3 Nxf3 0-1

[Event "*** SCC Grand Prix: Titled Tuesday Blitz"]
[Site "Chess.com"]
[Date "2020.08.11"]
[Round "3"]
[White "keepitcool9499"]
[Black "rasmussvane"]
[Result "1-0"]
[WhiteElo "2675"]
[BlackElo "2873"]
[TimeControl "180+1"]
[EndTime "10:28:14 PDT"]
[Termination "keepitcool9499 won by resignation"]

1. d4 d5 2. c4 e6 3. Nc3 a6 4. Nf3 dxc4 5. a4 Nf6 6. e3 c5 7. Bxc4 cxd4 8. Nxd4 Bb4 9. Bd2 O-O 10.
O-O Bd7 11. Qb3 Nc6 12. Nxc6 Bxc6 13. Qxb4 Qxd2 14. Rfd1 Qc2 15. Bd3 Qxd1+ 16. Rxd1 Rfd8 17. f3 h6 18. Be2 Rac8 19. Rxd8+ Rxd8 20. Kf2 Rd2 21. Nd1 Rc2 22. Qb3 Rc5 23. Nc3 Nd5 24. Nxd5 Bxd5 25.
Qd3 Rc1 26. b4 f5 27. b5 axb5 28. Qxb5 Rc2 29. e4 fxe4 30. fxe4 Bc6 31. Qb3 Rd2 32. Qxe6+ Kh8 33. Ke3 Rd8 34. Bb5 Bxb5 35. axb5 Ra8 36.
Qf7 b6 37. Qb7 Ra2 38. Qxb6 Rxg2 39. Kf3 Rxh2 40. Qb8+ 1-0

[Event "*** SCC Grand Prix: Titled Tuesday Blitz"]
[Site "Chess.com"]
[Date "2020.08.11"]
[Round "3"]
[White "kasparicy"]
[Black "Gusarov91"]
[Result "0-1"]
[WhiteElo "2352"]
[BlackElo "2643"]
[TimeControl "180+1"]
[EndTime "10:28:14 PDT"]
[Termination "Gusarov91 won by checkmate"]

1. e4 c6 2. d4 Na6 3. Nc3 Nc7 4. f3 d5 5. Be3 g6 6. Qd2 Bg7 7. O-O-O h5 8. h4 a5 9. Nh3 Bxh3 10. Rxh3 e6 11. Kb1 Nf6 12. e5 Nd7 13. g4 b5 14.
Bg5 Qb8 15. gxh5 Rxh5 16. f4 a4 17. Ne2 a3 18. b3 Nb6 19. Ng3 Rh8 20. h5 Nc4 21.
Qf2 Kd7 22. hxg6 fxg6 23. Rxh8 Bxh8 24. Qh2 c5 25. dxc5 Kc6 26. Bf6 Bxf6 27. exf6 Ne3 28.
Re1 Nxf1 29. Nxf1 Qh8 30. Re2 Qxf6 31. Re5 Rh8 32. Qe2 Rh1 33. Qf3 g5 34. Qxh1 gxf4 35. Re1 Qb2# 0-1

[Event "*** SCC Grand Prix: Titled Tuesday Blitz"]
[Site "Chess.com"]
[Date "2020.08.11"]
[Round "3"]
[White "Micki-taryan"]
[Black "belisarius64"]
[Result "1-0"]
[WhiteElo "3055"]
[BlackElo "2718"]
[TimeControl "180+1"]
[EndTime "10:28:15 PDT"]
[Termination "Micki-taryan won by resignation"]

1. Nf3 Nf6 2. e3 g6 3. b3 Bg7 4. Bb2 O-O 5. c4 d6 6. d4 Nc6 7. Be2 Bf5 8. O-O Ne4 9. Nbd2 Nxd2 10. Qxd2 e5 11. Rfd1 Be4 12. b4 exd4 13. Nxd4 Re8 14. Bf1 Nxd4 15. Bxd4 Bxd4 16. Qxd4 Qe7 17. a4 c5 18. Qd2 Rad8 19. f3 Bf5 20. e4 Be6 21. a5 f5 22. Re1 fxe4 23. Rxe4 Qf7 24. Rae1 Bf5 25. Rxe8+ Rxe8 26. Rd1 Qe7 27. b5 Rd8 28. Re1 Qf7 29. Qg5 Rd7 30. h4 Kg7 31. Qe3 b6 32. g4 1-0

[Event "*** SCC Grand Prix: Titled Tuesday Blitz"]
[Site "Chess.com"]
[Date "2020.08.11"]
[Round "3"]
[White "Anna_ChessMate"]
[Black "TheBigBoss04"]
[Result "0-1"]
[WhiteElo "2618"]
[BlackElo "2835"]
[TimeControl "180+1"]
[EndTime "10:28:15 PDT"]
[Termination "TheBigBoss04 won by resignation"]

1. d4 Nf6 2. c4 e6 3. Nf3 b6 4.
g3 Ba6 5. Qc2 c5 6. d5 exd5 7. cxd5 Bb7 8. Bg2 Nxd5 9. O-O Nc6 10.
Rd1 Be7 11. a3 Nf6 12. Qf5 g6 13. Qf4 Qb8 14. Qh6 Ng4 15. Qh3 h5 16. Bf4 d6 17.
Nc3 Nce5 18. Nd5 Bxd5 19. Rxd5 O-O 20. Rad1 Qc8 21. Nxe5 dxe5 22. Bc1 c4 23. Bf3 Bc5 24. Bxg4 hxg4 25. Qh6 Qf5 26. Be3 Be7 27. h4 Rad8 28.
Rxd8 Rxd8 29. Rxd8+ Bxd8 0-1

[Event "*** SCC Grand Prix: Titled Tuesday Blitz"]
[Site "Chess.com"]
[Date "2020.08.11"]
[Round "3"]
[White "aNaartjieZA"]
[Black "DACF2905"]
[Result "1-0"]
[WhiteElo "2508"]
[BlackElo "2227"]
[TimeControl "180+1"]
[EndTime "10:28:16 PDT"]
[Termination "aNaartjieZA won by resignation"]

1. e4 c5 2. Nf3 d6 3. g3 Nf6 4. d3 g6 5. Bg2 Bg7 6. O-O O-O 7. Re1 Nc6 8. c3 e5 9. a3 h6 10. b4 b6 11. Nbd2 Be6 12. Bb2 Rc8 13. b5 Na5 14. a4 Qc7 15. Rc1 Rfe8 16. d4 Nc4 17. Nxc4 Bxc4 18. d5 a6 19. Bf1 axb5 20.
axb5 Bxf1 21. Kxf1 Ra8 22. Ra1 c4 23. Qe2 Qc5 24. Nd2 Qxb5 25. Nxc4 Bf8 26. f3 Rec8 27. Na3 Qxe2+ 28. Kxe2 Nd7 29. Nb5 Nc5 30. Rxa8 Rxa8 31. Ra1 Ra5 32. Rxa5 bxa5 33. Ba3 Nb7 34. Kd3 f6 35.
Kc4 Kf7 36. Nc7 Ke7 37. Ne6 Nd8 38. Nxf8 Kxf8 39. Bxd6+ Kf7 40. Bc7 Nb7 41. Kb5 Ke8 42.
Bxa5 Kd7 43. Bb4 1-0

[Event "*** SCC Grand Prix: Titled Tuesday Blitz"]
[Site "Chess.com"]
[Date "2020.08.11"]
[Round "3"]
[White "Oligan22"]
[Black "Jumbo"]
[Result "0-1"]
[WhiteElo "2451"]
[BlackElo "2875"]
[TimeControl "180+1"]
[EndTime "10:28:17 PDT"]
[Termination "Jumbo won by checkmate"]

1. e4 c5 2. Nf3 d6 3. Bb5+ Bd7 4. Bxd7+ Nxd7 5. O-O Ngf6 6. Re1 e6 7. d4 cxd4 8.
Nxd4 a6 9. c4 Be7 10. Nc3 O-O 11.
b3 Qa5 12. Bb2 Rac8 13. Qd3 Ne5 14. Qg3 Ng6 15. Rad1 Rc5 16. h3 Rg5 17. Qe3 Nh5 18.
Nde2 Nh4 19. g3 f5 20. exf5 Qxf5 21. g4 Nf3+ 22. Kh1 Rxg4 23. hxg4 Qxg4 24. Ng1 Ng3+ 25. fxg3 Qh5+ 26. Kg2 Qh2+ 27. Kf1 Nd2# 0-1

[Event "*** SCC Grand Prix: Titled Tuesday Blitz"]
[Site "Chess.com"]
[Date "2020.08.11"]
[Round "3"]
[White "Xeslu"]
[Black "Alex_Belezky"]
[Result "0-1"]
[WhiteElo "2304"]
[BlackElo "2544"]
[TimeControl "180+1"]
[EndTime "10:28:18 PDT"]
[Termination "Alex_Belezky won by resignation"]

1. e4 c5 2. Nf3 d6 3. Bc4 e6 4. d3 Nc6 5. O-O Nf6 6. c3 Be7 7. Bb3 O-O 8. Nbd2 b5 9. Re1 Qc7 10. a3 Rb8 11. h3 a5 12. Bc2 b4 13. axb4 axb4 14. Nc4 Nd7 15. Bf4 Nde5 16. Nfxe5 Nxe5 17. Ne3 Ng6 18. Bg3 Bf6 19. d4 bxc3 20. bxc3 cxd4 21. cxd4 Qc3 22. Ra4 Rd8 23. Rc4 Qb2 24. Ng4 Be7 25. Qc1 Qb6 26. d5 e5 27. Ne3 Bd7 28.
Nf5 Bf8 29. Bd3 Ne7 30. Nxe7+ Bxe7 31. Qc2 Bb5 32. Rb4 Bxd3 0-1

[Event "*** SCC Grand Prix: Titled Tuesday Blitz"]
[Site "Chess.com"]
[Date "2020.08.11"]
[Round "3"]
[White "Onischuk_V"]
[Black "Fighter008"]
[Result "1-0"]
[WhiteElo "2915"]
[BlackElo "2676"]
[TimeControl "180+1"]
[EndTime "10:28:21 PDT"]
[Termination "Onischuk_V won by resignation"]

1. e4 c5 2. Nc3 a6 3. Nge2 e6 4. g3 d5 5. d3 Nf6 6. Bg2 d4 7. Nb1 g6 8. a4 Bg7 9. Nd2 Nc6 10. Nc4 O-O 11. a5 e5 12. Bd2 Rb8 13. O-O Be6 14.
Nc1 Nd7 15. f4 exf4 16. gxf4 f5 17. e5 Kh8 18. Nb3 g5 19. fxg5 Bxc4 20. dxc4 Ncxe5 21. Bd5 Ng6 22. Qh5 Qc7 23. Rf3 Nde5 24. Rh3 h6 25.
Kh1 f4 26. gxh6 Bf6 27. Rg1 Ne7 28. Rg7 Qd6 29. Be4 Bxg7 30. hxg7+ Kxg7 31. Qh7+ Kf6 32. Rh6+ 1-0

[Event "*** SCC Grand Prix: Titled Tuesday Blitz"]
[Site "Chess.com"]
[Date "2020.08.11"]
[Round "3"]
[White "szefru"]
[Black "AniJak"]
[Result "0-1"]
[WhiteElo "2103"]
[BlackElo "2317"]
[TimeControl "180+1"]
[EndTime "10:28:23 PDT"]
[Termination "AniJak won by checkmate"]

1. c4 e5 2. Nc3 Nc6 3. g3 d6 4. Bg2 g6 5. e3 Bg7 6. Nge2 Nge7 7. O-O h5 8. d4 h4 9. d5 Nb8 10. e4 hxg3 11. fxg3 Bh3 12. Bg5 Qd7 13. Bxh3 Qxh3 14. Rf2 f6 15. Be3 Nd7 16. Nb5 Kd8 17. b4 a6 18.
Nbc3 f5 19. Qf1 Nf6 20. Qxh3 Rxh3 21. Kg2 Rh8 22. exf5 gxf5 23. h3 Kd7 24. Bg5 Rag8 25. Bxf6 Bxf6 26. Ne4 Bh4 27. Nd2 Bxg3 28. Nxg3 f4 29. Ne4 Nf5 30. Nf6+ Ke7 31. Nxg8+ Rxg8 32. Kf3 Rxg3+ 33. Ke4 Nd4 34. Re1 Rxh3 35. Rg2 Kf6 36. c5 Ra3 37. cxd6 cxd6 38. Rh2 Nf5 39. Rg2 Ng3+ 40.
Rxg3 Rxg3 41. Rc1 Re3# 0-1

[Event "*** SCC Grand Prix: Titled Tuesday Blitz"]
[Site "Chess.com"]
[Date "2020.08.11"]
[Round "3"]
[White "CrazyMartian"]
[Black "CzechmVIII"]
[Result "0-1"]
[WhiteElo "2320"]
[BlackElo "2155"]
[TimeControl "180+1"]
[EndTime "10:28:25 PDT"]
[Termination "CzechmVIII won by checkmate"]

1. d4 Nf6 2. c4 c5 3. d5 b5 4.
cxb5 a6 5. bxa6 g6 6. Nc3 Bxa6 7. e4 Qa5 8. Nf3 Nxe4 9. Bxa6 Nxc3 10. Qd2 Nxa6 11. Qxc3 Qxc3+ 12. bxc3 Bg7 13. Bd2 Nb4 14. cxb4 Bxa1 15. O-O Rxa2 16. bxc5 O-O 17. Bg5 f6 18. Be3 Bc3 19. Rc1 Ra1 20. Kf1 Rxc1+ 21. Bxc1 Rc8 22. Be3 Bb4 23. h3 Bxc5 24. Bf4 Bd6 25. Be3 Ra8 26.
g4 Ra5 27. g5 Rxd5 28. gxf6 exf6 29. Kg2 Ra5 30. h4 Kf7 31. Kh3 Be5 32. Kg2 d5 33. Bb6 Rb5 34. Be3 Rb4 35. Bc5 Rc4 36. Bb6 d4 37. Kf1 d3 38. Be3 Ra4 39. Ke1 Ra2 40. Kd1 Bc3 41. Bc5 Ra1# 0-1

[Event "*** SCC Grand Prix: Titled Tuesday Blitz"]
[Site "Chess.com"]
[Date "2020.08.11"]
[Round "3"]
[White "bascheyaro"]
[Black "LyonBeast"]
[Result "1/2-1/2"]
[WhiteElo "2710"]
[BlackElo "3013"]
[TimeControl "180+1"]
[EndTime "10:28:26 PDT"]
[Termination "Game drawn by agreement"]

1. d4 d5 2. Nf3 Nf6 3. Bf4 e6 4. e3 Bd6 5. Bg3 b6 6. c4 O-O 7. Nc3 Bb7 8. a3 Nbd7 9. cxd5 Nxd5 10. Nxd5 Bxd5 11. Bd3 Nf6 12. Qe2 Ne4 13. O-O Nxg3 14.
hxg3 c5 15. dxc5 Bxc5 16. Rfd1 Qf6 17. e4 Bb7 18. e5 Qh6 19. Be4 Bxe4 20. Qxe4 Rad8 21.
b4 Be7 22. Nd4 Rd7 23. Nc6 Rc7 24. Rac1 Qg6 25. Qxg6 hxg6 26. Nxe7+ Rxe7 27. b5 g5 28. g4 f6 29. exf6 gxf6 30. Rc6 Kf7 31. Rdd6 Rb8 32. a4 Rbb7 33. f3 Rbd7 34. Rxd7 Rxd7 35. Kf2 e5 36.
Ke3 Kg6 37. Rc4 Rh7 38. g3 Rd7 39. f4 Re7 40. f5+ Kf7 41. a5 bxa5 42. Ra4 Rb7 43. Rxa5 Ke7 44. Ke4 Kd6 45. Ra6+ Rb6 46. Rxa7 Rxb5 47.
Ra6+ Ke7 48. Ra7+ Kf8 49. Ra8+ 1/2-1/2

[Event "*** SCC Grand Prix: Titled Tuesday Blitz"]
[Site "Chess.com"]
[Date "2020.08.11"]
[Round "3"]
[White "mr65"]
[Black "HanSchut"]
[Result "1-0"]
[WhiteElo "2147"]
[BlackElo "2317"]
[TimeControl "180+1"]
[EndTime "10:28:26 PDT"]
[Termination "mr65 won on time"]

1. e4 c5 2. Nf3 d6 3. d4 cxd4 4. Nxd4 Nf6 5. Nc3 a6 6. f4 e5 7. Nf3 Qc7 8. Bd3 Be7 9. a4 b6 10. O-O O-O 11. Qe1 Nc6 12. Kh1 exf4 13. Bxf4 Ne5 14.
Nh4 Be6 15. Bg5 Ng6 16. Nf5 Bxf5 17. Rxf5 Qd8 18. Qe2 h6 19. Bd2 Qc8 20. Raf1 Ne5 21. Rxf6 Bxf6 22. Rxf6 gxf6 23. Nd5 Kg7 24. Qe3 Rh8 25. Qg3+ Qg4 26. Qf2 Qg6 27. Ne7 Ng4 28.
Nf5+ Kh7 29. Qh4 Qg8 30. Nxh6 1-0

[Event "*** SCC Grand Prix: Titled Tuesday Blitz"]
[Site "Chess.com"]
[Date "2020.08.11"]
[Round "3"]
[White "GustavoJuarezF"]
[Black "Chuchofrio1"]
[Result "0-1"]
[WhiteElo "2014"]
[BlackElo "2287"]
[TimeControl "180+1"]
[EndTime "10:28:27 PDT"]
[Termination "Chuchofrio1 won on time"]

1. e4 c5 2. Nf3 Nc6 3. d4 cxd4 4. Nxd4 Nf6 5. f3 e5 6. Nb3 d5 7. exd5 Nxd5 8. c4 Bb4+ 9. Kf2 Qb6+ 10. Kg3 Nf6 11.
Bd3 h5 12. h4 e4 13. Qe2 Bd6+ 14. f4 O-O 15. Bc2 Bg4 16. Qf2 Qc7 17. Be3 Ne7 18.
c5 Nf5+ 19. Kh2 Be7 20. N1d2 Nd5 21. Bxe4 Ndxe3 22. Qxe3 Nxe3 23. Rhe1 Qxf4+ 0-1

[Event "*** SCC Grand Prix: Titled Tuesday Blitz"]
[Site "Chess.com"]
[Date "2020.08.11"]
[Round "3"]
[White "viniciusrego"]
[Black "WiktoriaPOL"]
[Result "1-0"]
[WhiteElo "2257"]
[BlackElo "1858"]
[TimeControl "180+1"]
[EndTime "10:28:27 PDT"]
[Termination "viniciusrego won on time"]

1. d4 Nf6 2. c4 g6 3. Nc3 Bg7 4. e4 d6 5. Nf3 O-O 6. Be2 e5 7. dxe5 dxe5 8. Qxd8 Rxd8 9. Bg5 Re8 10. O-O-O c6 11.
Nxe5 Nxe4 12. Nxe4 Bxe5 13. Bf3 Bf5 14. Nd6 Bxd6 15. Rxd6 Nd7 16. g4 Be6 17. Re1 Nb6 18. b3 Kg7 19. h3 h6 20. Be3 Rad8 21. Red1 Rxd6 22. Rxd6 Nc8 23. Rd2 Kf6 24. h4 g5 25.
h5 Kg7 26. Bd1 f5 27. f3 f4 28.
Bd4+ Kf7 29. Bc2 Ne7 30. Bxa7 Ra8 31. Bc5 Rxa2 32. Bg6+ Nxg6 33. hxg6+ Kxg6 34. Rxa2 h5 35. gxh5+ Kxh5 36. Kd2 g4 37. fxg4+ Kxg4 38. Ra7 f3 39. Rxb7 Kg3 40. Rg7+ Kf4 41. Bf2 Bf5 42.
Rf7 Ke4 43. Rxf5 Kxf5 44. Ke3 Ke5 45. Kxf3 1-0

[Event "*** SCC Grand Prix: Titled Tuesday Blitz"]
[Site "Chess.com"]
[Date "2020.08.11"]
[Round "3"]
[White "anon569"]
[Black "bratkoo"]
[Result "1-0"]
[WhiteElo "2356"]
[BlackElo "2550"]
[TimeControl "180+1"]
[EndTime "10:28:28 PDT"]
[Termination "anon569 won by checkmate"]

1. e4 e6 2. Nf3 d5 3. Nc3 c5 4.
exd5 exd5 5. Bb5+ Bd7 6. d4 Bxb5 7. Nxb5 Nf6 8. O-O a6 9. Nc3 Nbd7 10. dxc5 Nxc5 11. Bg5 Nce4 12. Re1 Be7 13. Nxd5 Nxf2 14. Nxe7 Nxd1 15. Nc6+ Kd7 16. Nxd8 Nxb2 17. Nxf7 Rhc8 18. Rab1 Rxc2 19. Nd4 Rc4 20. Ne5+ Kd6 21. Nxc4+ Nxc4 22. Rxb7 Kd5 23. Bxf6 gxf6 24. Rd7+ Kc5 25. Nb3+ Kb4 26. Re4 Rc8 27. Nd2 Kc3 28. Rxc4+ Rxc4 29. Nxc4 Kxc4 30.
Rxh7 a5 31. h4 a4 32. h5 a3 33. h6 Kc3 34. Rb7 Kc2 35. h7 f5 36. h8=Q f4 37. Qc8+ Kd2 38. Rd7+ Ke2 39. Qc2+ Ke3 40. Qd3# 1-0

[Event "*** SCC Grand Prix: Titled Tuesday Blitz"]
[Site "Chess.com"]
[Date "2020.08.11"]
[Round "3"]
[White "econpower"]
[Black "Firouzja2003"]
[Result "0-1"]
[WhiteElo "2716"]
[BlackElo "3037"]
[TimeControl "180+1"]
[EndTime "10:28:29 PDT"]
[Termination "Firouzja2003 won by resignation"]

1. d4 d5 2. Nf3 Nf6 3. Bf4 c5 4. e3 Nc6 5. c3 Qb6 6. Qb3 c4 7. Qc2 Bf5 8. Qc1 h6 9. Nbd2 Qd8 10. Be2 e6 11. h3 Be7 12. O-O O-O 13. Ne5 Nxe5 14.
Bxe5 b5 15. Bd1 Bd6 16. f4 Bd3 17. Rf3 Ne4 18. Nxe4 Bxe4 19. Rg3 Bxe5 20. fxe5 f6 21. exf6 Rxf6 22. Bf3 Qc7 23. Qe1 Raf8 24. Bxe4 Rf1+ 25. Qxf1 Rxf1+ 26. Rxf1 Qxg3 27. Bf3 g6 28. Kh1 Kg7 29.
e4 dxe4 30. Bxe4 Qe3 31. Bc6 Qe2 32. Rf3 Qxb2 33. Bd7 Qe2 34. Bxb5 Qxa2 35. Bd7 Qe2 36. Bc6 h5 37. Kg1 e5 38. d5 e4 39. Rf1 Qd2 0-1

[Event "*** SCC Grand Prix: Titled Tuesday Blitz"]
[Site "Chess.com"]
[Date "2020.08.11"]
[Round "3"]
[White "sergivila"]
[Black "DenLaz"]
[Result "0-1"]
[WhiteElo "2423"]
[BlackElo "2686"]
[TimeControl "180+1"]
[EndTime "10:28:29 PDT"]
[Termination "DenLaz won by resignation"]

1. e4 c5 2. Nf3 Nc6 3. Bb5 g6 4. Bxc6 dxc6 5. d3 Bg7 6. h3 e5 7.
Be3 b6 8. Nc3 Ne7 9. Qd2 f6 10.
a3 a5 11. O-O g5 12. Rab1 a4 13. b4 axb3 14. Rxb3 Be6 15. Rb2 Rxa3 16. Rfb1 Nc8 17. Qc1 Ra7 18. Nh2 O-O 19. Ne2 h5 20. Ng3 h4 21. Nf5 Qd7 22. Nxg7 Kxg7 23. Rxb6 Nxb6 24. Bxc5 Nc8 25. Bxa7 Qxa7 26. Nf1 Nd6 27. Ne3 Rb8 28. Ra1 Qc5 29. c3 Rb3 30. c4 Rxd3 31. Qc2 Rxe3 32. fxe3 Qxe3+ 33. Kh2 Nxe4 34. Qb2 Bxh3 35.
Qb7+ Kg6 36. Ra7 Qg3+ 0-1

[Event "*** SCC Grand Prix: Titled Tuesday Blitz"]
[Site "Chess.com"]
[Date "2020.08.11"]
[Round "3"]
[White "FlamingPhoenix123"]
[Black "kakarot_001"]
[Result "0-1"]
[WhiteElo "2538"]
[BlackElo "2820"]
[TimeControl "180+1"]
[EndTime "10:28:30 PDT"]
[Termination "kakarot_001 won by checkmate"]

1. e4 e5 2. Nf3 Nc6 3. d4 exd4 4. Bc4 Bc5 5. c3 Nf6 6. e5 d5 7.
Be2 d3 8. exf6 dxe2 9. Qxe2+ Be6 10. fxg7 Rg8 11. Bg5 Qd7 12. Bh6 O-O-O 13. b4 Bd6 14. b5 Ne7 15. Ne5 Bxe5 16. Qxe5 Qxb5 17. Nd2 Ng6 18.
Qe3 Rde8 19. c4 dxc4 20. O-O Bd5 21. Qg3 Bc6 22. Rab1 Qh5 23. Bg5 Rxg7 24. Bf6 Nf4 25. Qxg7 Nxg2 26. f3 Nf4 27. Rbe1 Nh3+ 28. Kg2 Nf4+ 29.
Kg1 Ne2+ 30. Kg2 c3 31. Ne4 Rxe4 32. fxe4 Bxe4+ 33. Kf2 Qf3# 0-1

[Event "*** SCC Grand Prix: Titled Tuesday Blitz"]
[Site "Chess.com"]
[Date "2020.08.11"]
[Round "3"]
[White "Tashik"]
[Black "Andrakhanova"]
[Result "1-0"]
[WhiteElo "2372"]
[BlackElo "1689"]
[TimeControl "180+1"]
[EndTime "10:28:30 PDT"]
[Termination "Tashik won by resignation"]

1. c4 e6 2. Nf3 d5 3. e3 c6 4. b3 Nf6 5. Bb2 Nbd7 6. Nc3 Bd6 7. d4 O-O 8. Bd3 Qe7 9. h3 dxc4 10. bxc4 e5 11.
Qc2 exd4 12. Nxd4 Ne5 13. Be2 Rd8 14. O-O g6 15. Rad1 a5 16. Na4 Rb8 17. c5 Bc7 18. e4 Be6 19. f4 Ned7 20. f5 Bxa2 21. fxg6 hxg6 22. Nf3 Qxe4 23. Bd3 Qe3+ 24. Kh1 Bd5 25. Bxg6 Qh6 26. Bf5 Ne5 27. Nxe5 1-0

[Event "*** SCC Grand Prix: Titled Tuesday Blitz"]
[Site "Chess.com"]
[Date "2020.08.11"]
[Round "3"]
[White "FabianoCaruana"]
[Black "GregShahade"]
[Result "0-1"]
[WhiteElo "2996"]
[BlackElo "2716"]
[TimeControl "180+1"]
[EndTime "10:28:31 PDT"]
[Termination "GregShahade won by resignation"]

1. e4 e5 2. Nf3 Nc6 3. Bb5 a6 4. Ba4 Nf6 5. d3 b5 6. Bb3 Bc5 7. c3 d6 8. Nbd2 h6 9. Nf1 Bb6 10. Ng3 Rb8 11. O-O O-O 12. h3 Re8 13. Re1 Be6 14. Bxe6 Rxe6 15. d4 exd4 16. cxd4 d5 17. e5 Ne4 18. Be3 Nxg3 19. fxg3 f6 20. exf6 Qxf6 21. Kh2 Rbe8 22. Qd2 Ba5 23. Qd3 Bxe1 24. Rxe1 Qe7 25. Bd2 Rxe1 26. Bxe1 Qe4 27. Qc3 Re6 28.
Bd2 Kh7 29. Bf4 Qb1 30. Bxc7 Qxa2 31. Qc2+ Kg8 32. Qf5 Rf6 33. Qc8+ Kh7 34. Ne5 Nxd4 35. Nd7 Nf3+ 36. gxf3 Qxb2+ 37. Kg1 Qc1+ 38. Kh2 Qd2+ 39.
Kg1 Qe1+ 40. Kg2 Qe2+ 41. Kg1 Qd1+ 42. Kh2 Qd2+ 43. Kh1 Qe1+ 44. Kg2 Qe2+ 45. Kg1 Qe3+ 46. Kf1 Rxf3+ 0-1

[Event "*** SCC Grand Prix: Titled Tuesday Blitz"]
[Site "Chess.com"]
[Date "2020.08.11"]
[Round "3"]
[White "suyu28"]
[Black "DinaBelenkaya"]
[Result "1-0"]
[WhiteElo "2571"]
[BlackElo "2343"]
[TimeControl "180+1"]
[EndTime "10:28:32 PDT"]
[Termination "suyu28 won by resignation"]

1. d4 Nf6 2. c4 c5 3. d5 e5 4. Nc3 d6 5. e4 Be7 6. g3 a6 7. a4 Nbd7 8. Bg2 h5 9. Nf3 Nf8 10. O-O Ng6 11. h4 Bg4 12. Qc2 Qc8 13. Re1 Bd8 14.
a5 Rb8 15. Nh2 b6 16. axb6 Rxb6 17. Nxg4 hxg4 18. Bd2 Qb8 19. Na4 Rb7 20. b4 Nd7 21.
bxc5 dxc5 22. Qd1 Bxh4 23. gxh4 Rxh4 24. Bg5 Rh7 25. Qxg4 Rb3 26. Be3 Qb4 27. Bh3 Rxh3 28. Qxh3 Qxc4 29. Rec1 Qxe4 30. Qxd7+ Kxd7 31. Nxc5+ Kd8 32. Nxe4 1-0

[Event "*** SCC Grand Prix: Titled Tuesday Blitz"]
[Site "Chess.com"]
[Date "2020.08.11"]
[Round "3"]
[White "140mariam"]
[Black "kakakz"]
[Result "1-0"]
[WhiteElo "2335"]
[BlackElo "2439"]
[TimeControl "180+1"]
[EndTime "10:28:32 PDT"]
[Termination "140mariam won by resignation"]

1. d4 Nf6 2. c4 g6 3. Nc3 Bg7 4. Nf3 d6 5. e4 O-O 6. Be2 e5 7. O-O Nbd7 8. Be3 Re8 9. dxe5 dxe5 10. h3 c6 11. Qb3 Qe7 12. Rad1 Nc5 13. Qc2 a5 14.
Bxc5 Qxc5 15. Na4 Qe7 16. Nb6 Rb8 17. Nxc8 Rbxc8 18. Bd3 Nd7 19. Qa4 Ra8 20. Bb1 Nc5 21.
Qa3 Bf8 22. Rd2 Qc7 23. Qe3 Ne6 24. Rfd1 Bc5 25. Qh6 Nd4 26. Nxd4 Bxd4 27. Kh1 a4 28. Qg5 Kg7 29. h4 h5 30. Qg3 Re6 31. Rxd4 1-0